 Dungeon Crawl Stone Soup version 0.30-b1-2-g02819fbbbe (webtiles) character file.

Game seed: 13056418820714991216

502031 fun123 the Slayer (level 22, -10/210 (213) HPs)
             Began as a Demigod Necromancer on Aug 24, 2023.
             Mangled by a war gargoyle
             ... wielding a +0 great mace
              (28 damage)
             ... on level 5 of the Vaults on Dec 24, 2023.
             The game lasted 04:39:53 (92941 turns).

fun123 the Slayer (Demigod Necromancer)            Turns: 92941, Time: 04:39:54

HP:   -10/210 (213) AC: 10    Str:  9    XL:     22   Next: 98%
MP:   3/46          EV: 19    Int: 57    God:
Gold: 3660          SH: 15    Dex: 14    Spells: 15/50 levels left

rFire   + . .        b - +2 broad axe of Feaxi {heavy, rElec Int+6}
rCold   . . .        R - +4 kite shield {rF+}
rNeg    + . .        X - +4 troll leather armour
rPois   +            e - +2 helmet {SInv}
rElec   +            o - scarf {repulsion}
rCorr   .            c - +2 pair of gloves {Stlth+}
SInv    +            l - +0 pair of boots
Will    ++++.        s - amulet "Ismos" {Acrobat Will+}
Stlth   ++++         i - ring of the Original Sin {+Blink rPois Will+ Int+6}
HPRegen 1.35/turn    V - ring "Guneg" {*Corrode rN+ EV+5 Slay+3 Stlth+}
MPRegen 0.30/turn

%: corrode self (3%), repel missiles, acrobat
@: corroded, lightly drained
A: high MP 1, forlorn, divine attributes
}: 2/15 runes: decaying, serpentine
a: Evoke Blink


You were on level 5 of the Vaults.
You visited 8 branches of the dungeon, and saw 42 of its levels.
You also visited: Trove and Gauntlet.

You collected 7992 gold pieces.
You spent 4332 gold pieces at shops.

Inventory:

Hand Weapons
 b - the +2 broad axe of Feaxi (weapon) {heavy, rElec Int+6}
   (You took it off a deep elf death mage on level 3 of the Elven Halls)

   Int:       It affects your intelligence (+6).
   rElec:     It insulates you from electricity.
 I - the +6 hand axe of the Inferno {drain, rPois rCorr Str+9 Dex-2}
   (You found it on level 4 of the Depths)

   Str:       It affects your strength (+9).
   Dex:       It affects your dexterity (-2).
   rPois:     It protects you from poison.
   rCorr:     It protects you from acid and corrosion.
Missiles
 F - 2 throwing nets
 L - 13 curare-tipped darts (quivered)
 U - 10 silver javelins
Armour
 c - a +2 pair of gloves of stealth (worn)
 e - a +2 helmet of see invisible (worn)
 l - a +0 pair of boots (worn)
 o - a scarf of repulsion (worn)
 R - a +4 kite shield of fire resistance (worn)
 X - a +4 troll leather armour (worn)
Jewellery
 i - the ring of the Original Sin (left hand) {+Blink rPois Will+ Int+6}
   (You found it on level 13 of the Dungeon)

   [ring of intelligence]

   Int:       It affects your intelligence (+6).
   rPois:     It protects you from poison.
   +Blink:    It lets you blink.
   Will:      It increases your willpower.
 s - the amulet "Ismos" (around neck) {Acrobat Will+}
   (You bought it in a shop on level 2 of the Orcish Mines)

   [amulet of the acrobat]

   It increases your evasion while moving and waiting.
   Will:      It increases your willpower.
 G - the amulet of Vitality {RegenMP++ Regen++}
   (You took it off a red draconian on level 4 of the Depths)

   [amulet of magic regeneration]

   It increases your rate of magic regeneration.
   Regen:     It increases your rate of health regeneration.
 V - the ring "Guneg" (right hand) {*Corrode rN+ EV+5 Slay+3 Stlth+}
   (You found it in a Gauntlet)

   [ring of evasion]

   EV:        It affects your evasion (+5).
   Slay:      It affects your accuracy & damage with ranged weapons and melee
   (+3).
   rN:        It protects you from negative energy.
   *Corrode:  It may corrode you when you take damage.
   Stlth:     It makes you more stealthy.
Wands
 E - a wand of quicksilver (7)
 K - a wand of digging (35)
 M - a wand of iceblast (45)
 Q - a wand of mindburst (6)
Scrolls
 a - a scroll of enchant weapon
 g - 4 scrolls of immolation
 k - 10 scrolls of fog
 m - 6 scrolls of silence
 p - 8 scrolls of magic mapping
 r - a scroll of enchant armour
 t - 17 scrolls of teleportation
 x - 5 scrolls of poison
 z - 3 scrolls of blinking
 B - 8 scrolls of fear
 C - 7 scrolls of vulnerability
 D - a scroll of torment
 H - a scroll of amnesia
 S - 2 scrolls of butterflies
Potions
 d - 16 potions of might
 f - 4 potions of magic
 h - 2 potions of haste
 j - 10 potions of lignification
 n - 3 potions of resistance
 q - 13 potions of curing
 u - 5 potions of attraction
 v - 5 potions of berserk rage
 w - 15 potions of heal wounds
 A - 7 potions of degeneration
 J - 8 potions of cancellation
 N - a potion of ambrosia
 P - 9 potions of flight
 T - 14 potions of mutation
 Y - 9 potions of brilliance
 Z - 2 potions of invisibility
Miscellaneous
 y - a condenser vane
 O - a lightning rod (4/4)
 W - a phantom mirror (inert)


   Skills:
 - Level 21.0 Fighting
 - Level 7.9 Polearms
 - Level 10.5 Armour
 - Level 10.5 Dodging
 - Level 1.7 Stealth
 - Level 10.0 Shields
 + Level 14.6 Spellcasting
 - Level 15.0 Conjurations
 - Level 4.0 Hexes
 - Level 15.0 Summonings
 - Level 10.0 Necromancy
 - Level 5.0 Translocations
 - Level 10.0 Fire Magic
 - Level 9.0 Earth Magic


You had 15 spell levels left.
You knew the following spells:

 Your Spells              Type           Power      Damage    Failure   Level
a - Iron Shot             Conj/Erth      54%        9d10      1%          6
b - Call Canine Familiar  Summ           100%       N/A       0%          3
e - Dispel Undead         Necr           100%       3d31      1%          4
f - Apportation           Tloc           100%       N/A       1%          1
j - Fireball              Conj/Fire      55%        3d21      1%          5
k - Spellforged Servitor  Conj/Summ      59%        N/A       2%          7
l - Summon Hydra          Summ           59%        N/A       2%          7
z - Blink                 Tloc           100%       N/A       1%          2

Your spell library contained the following spells:

 Spells                   Type           Power      Damage    Failure   Level
 Kiss of Death            Conj/Necr      100%       2d13      0%          1
 Magic Dart               Conj           100%       1d8       0%          1
 Summon Small Mammal      Summ           100%       N/A       0%          1
 Call Imp                 Summ           100%       N/A       0%          2
 Searing Ray              Conj           100%       2d8       0%          2
 Beastly Appendage        Tmut           82%        N/A       1%          1
 Freeze                   Ice            100%       1d10      1%          1
 Necrotise                Necr           100%       1d9       1%          1
 Slow                     Hex            100%       N/A       1%          1
 Sting                    Tmut/Pois      100%       1d8       1%          1
 Cigotuvi's Dreadful Rot  Necr/Pois/Air  100%       N/A       1%          2
 Lesser Beckoning         Tloc           100%       N/A       1%          2
 Momentum Strike          Conj/Tloc      100%       3d10      1%          2
 Sublimation of Blood     Necr           100%       N/A       1%          2
 Confusing Touch          Hex            72%        N/A       1%          3
 Dazzling Flash           Conj/Hex       100%       N/A       1%          3
 Gell's Gravitas          Tloc           78%        N/A       1%          3
 Hailstorm                Conj/Ice       91%        3d18      1%          3
 Ignite Poison            Fire/Tmut/Pois 68%        N/A       1%          3
 Mephitic Cloud           Conj/Pois/Air  78%        N/A       1%          3
 Summon Guardian Golem    Hex/Summ       99%        N/A       1%          3
 Teleport Other           Tloc           78%        N/A       1%          3
 Vampiric Draining        Necr           100%       2d13      1%          3
 Animate Dead             Necr           100%       N/A       1%          4
 Flame Wave               Conj/Fire      100%       2d21      1%          4
 Fulminant Prism          Conj/Hex       49%        3d21      1%          4
 Sticky Flame             Conj/Fire      100%       2d11      1%          4
 Agony                    Necr           100%       N/A       1%          5
 Iskenderun's Battlesphe  Conj           100%       2d15      1%          5
 Starburst                Conj/Fire      55%        6d15      1%          6
 Poisonous Vapours        Pois/Air       82%        N/A       2%          2
 Wereblood                Tmut           41%        N/A       2%          2
 Orb of Destruction       Conj           59%        9d14      2%          7
 Death Channel            Necr           51%        N/A       3%          6
 Frozen Ramparts          Ice            82%        1d13      4%          3
 Spider Form              Tmut/Pois      41%        N/A       4%          3
 Freezing Cloud           Conj/Ice/Air   39%        6-21      4%          5
 Conjure Ball Lightning   Conj/Air       45%        3x3d16    10%         6
 Olgreb's Toxic Radiance  Pois           41%        N/A       14%         4
 Silence                  Hex/Air        29%        N/A       17%         5
 Dispersal                Tloc           39%        N/A       28%         6
 Simulacrum               Ice/Necr       39%        N/A       28%         6
 Alistair's Intoxication  Tmut/Pois      27%        N/A       36%         5
 Ozocubu's Refrigeration  Ice            20%        4d12      100%        7
 Polar Vortex             Ice            20%        N/A       100%        9


Dungeon Overview and Level Annotations

Branches:
Dungeon (15/15) Zot: 23729  Temple (0/1) D:7            Lair (5/5) D:9 Zot: 18294
  Swamp (4/4) Lair:3 Zot: 16093   Snake (4/4) Lair:3 Zot: 13933   Slime (0/5) Lair:4
    Orc (2/2) D:12 Zot: 7093     Elf (3/3) Orc:2 Zot: 11276  Vaults (5/5) D:13 Zot: 18766
  Crypt (0/3) Vaults:3     Depths (4/4) D:15 Zot: 9214     Zot (0/5) Depths:4
Gauntlet (visited)

Shops:
D:2 [[   D:9 *   D:11 =   Orc:2 *=(([   Elf:2 ([   Snake:1 !   Snake:2 :
Vaults:3 ?   Vaults:4 *

Portals:
Hell: Depths:1 Depths:2 Depths:3 Depths:4
Abyss: Depths:3 Depths:4
Pandemonium: Depths:2
Ziggurat: Depths:4

Annotations:
Snake:2 1 runed translucent door, exclusion: door, discopopstar's ghost, adept MiFi
Elf:1 3 runed translucent doors, exclusion: obsidian statue, Hirapp's ghost, adept MiMo
Vaults:1 3 runed translucent doors, casual's ghost, veteran MiMo
Depths:3 exclusion: 2 statues


Innate Abilities, Weirdness & Mutations

You have an increased reservoir of magic. (+10% MP)
You shall have no god before yourself.
Your divine heritage dramatically boosts your attributes as you level up.


Message History

Casting: Summon Hydra (mildly dangerous; 2% risk of failure)
Confirm with . or Enter, or press ? or * to list all spells.
You blink.
The ancient lich touches you.
* * * LOW HITPOINT WARNING * * *
Something bites your ancient lich but does no damage.
Your ancient lich gestures wildly while chanting.
Your ancient lich flickers and vanishes for a moment.
The ancient lich mumbles some strange words.
The ancient lich flickers and vanishes for a moment.
You hear a shout!
Casting: Blink (safe; 1% risk of failure)
Confirm with . or Enter, or press ? or * to list all spells.
Aiming: Iron Shot (mildly dangerous; 1% risk of failure)
Press: ? - help, Shift-Dir - straight line, f - ancient lich
Aim: an ancient lich (blue smoke, moderately damaged, fast, slightly transparent, ally target, 79% to hit)
The iron shot hits the ancient lich!!!
The ancient lich is heavily damaged.
The ancient lich misses you.
Your ancient lich touches the ancient lich but does no damage.
Casting: Iron Shot (mildly dangerous; 1% risk of failure)
Confirm with . or Enter, or press ? or * to list all spells.
Okay, then.
You strike the helpless ancient lich from behind!
You hit the ancient lich.
The ancient lich is severely damaged.
Your ancient lich shimmers and vanishes!
The ancient lich casts a spell at you. The bolt of acid hits you!!
* * * LOW HITPOINT WARNING * * *
The acid corrodes you! The ancient lich touches you!
* * * LOW HITPOINT WARNING * * *
You partially resist.
You feel drained.
* * * LOW HITPOINT WARNING * * *
The war gargoyle launches metal splinters at you.
The spray of metal splinters hits you.
* * * LOW HITPOINT WARNING * * *
You block the ancient lich's attack. You block the war gargoyle's attack.
The war gargoyle attacks as you move away!
The war gargoyle hits you with a +0 great mace!!
You die...

######################
......§§@L§§.........
......§§§9Q§........
##########§.......#####
........)...... #.9..#
#.Q..# #....# #....#
#...9#


You could see an ancient lich (fast, invisible), a tengu reaver and a war
gargoyle (catching breath).

Vanquished Creatures
  Boris (Depths:3)
  Frederick (Vaults:3)
  3 golden dragons
  Rupert (Vaults:3)
  Zenata (Vaults:1)
  3 tentacled monstrosities
  2 deep elf blademasters
  A titan (Vaults:4)
  4 quicksilver dragons
  A deep elf master archer (Elf:3)
  A walking divine tome (Depths:2)
  Frances (Orc:2)
  2 acid blobs (Depths:4)
  A sphinx (Vaults:2)
  The ghost of Gukoas the Brawler, an adept TrMo of Nemelex Xobeh (Depths:4)
  Kirke (Elf:1)
  Agnes (Vaults:3)
  5 tengu reavers
  A shadow dragon (Depths:3)
  2 fenstrider witches
  A storm dragon (Vaults:5)
  A draconian monk (Depths:4)
  2 nagarajas
  A fire giant (Depths:3)
  An azure jelly (Depths:4)
  Donald (Swamp:3)
  A draconian scorcher (Depths:4)
  2 vault wardens (Vaults:2)
  Louise (Elf:1)
  3 deep elf sorcerers
  4 frost giants
  2 deep elf elementalists (Elf:3)
  A draconian annihilator (Depths:4)
  A stone giant (Depths:2)
  3 quicksilver oozes (Depths:4)
  7 ironbound preservers
  3 vampire knights
  The ghost of Subbak the Bewitcher, a journeyman DEHs of Okawaru (D:13)
  7 very ugly things
  A spriggan defender (Vaults:3)
  The ghost of diceflayer the Slayer, a journeyman MiFi of Okawaru (D:13)
  5 eleionomae
  4 ironbound thunderhulks
  3 deep elf demonologists
  Nessos (Lair:5)
  3 dire elephants (Vaults:2)
  6 deep elf annihilators
  3 red draconians (Depths:4)
  3 spark wasps
  2 black draconians (Depths:4)
  A minotaur (Gauntlet)
  6 bunyips
  A purple draconian (Depths:4)
  8 ettins
  Snorg (D:12)
  3 fire dragons
  6 deep elf death magi
  A spectral fenstrider witch (Swamp:4)
  3 yaktaur captains
  15 hydras
  29 vault guards
  2 deep elf high priests (Elf:3)
  5 ice dragons
  2 shambling mangroves
  2 salamander tyrants
  10 rakshasas
  4 centaur warriors
  A spriggan air mage (Swamp:3)
  7 anacondas
  3 ironbound frosthearts
  The ghost of Termiter the Reanimator, a journeyman DsNe of Nemelex Xobeh (Lair:1)
  3 deep troll shamans
  A two-headed ogre (shapeshifter) (Vaults:4)
  A two-headed ogre (Orc:2)
  6 dancing weapons
  5 alligators
  6 naga warriors
  A merfolk avatar (Lair:5)
  A boulder beetle (D:12)
  A tengu warrior (D:14)
  2 thrashing horrors (Gauntlet)
  3 deep troll earth magi
  A vampire mage (D:15)
  6 death yaks
  4 naga sharpshooters
  An orc high priest (Orc:2)
  3 spriggan berserkers
  2 shock serpents
  Nergalle (Lair:1)
  4 hell knights
  5 spriggans
  A skyshark (Lair:3)
  Sonja (D:13)
  6 iron trolls
  A fire crab (Gauntlet)
  A salamander mystic (Snake:4)
  A spriggan rider (Depths:4)
  12 skeletal warriors
  21 deep elf knights
  4 goliath frogs
  2 sea snakes (Lair:5)
  2 spark wasp zombies
  A spriggan druid (Swamp:4)
  16 deep trolls
  3 naga ritualists
  A flayed ghost (Depths:3)
  3 bog bodies
  2 glowing orange brains
  8 ironbound convokers
  9 swamp dragons
  2 phantasmal warriors
  6 lindwurms
  18 deep elf zephyrmancers
  5 wizards
  11 deep elf archers
  4 necromancers
  20 deep elf pyromancers
  2 orc knights
  8 mana vipers
  8 orc sorcerers
  2 harpies
  14 ugly things
  4 cyclopes
  A wolf spider (D:14)
  16 nameless horrors
  4 salamanders
  5 manticores
  12 elephants
  18 black mambas
  A frost giant skeleton (D:15)
  2 guardian serpents (Snake:4)
  3 eyes of devastation (Depths:4)
  7 vault sentinels
  6 naga magi
  3 gargoyles
  9 komodo dragons
  7 cane toads
  2 eyes of devastation (shapeshifter)
  2 unseen horrors
  2 kobold demonologists (D:10)
  10 rime drakes
  2 freezing wraiths
  23 yaktaurs
  6 tengu conjurers
  A spectral death drake (Swamp:4)
  8 trolls
  A bloated husk (Swamp:2)
  2 polar bears
  6 tyrant leeches
  A merfolk (shapeshifter) (Vaults:4)
  A wind drake (Lair:5)
  A dream sheep (shapeshifter) (Vaults:1)
  A queen bee (Gauntlet)
  Prince Ribbit (D:6)
  A snapping turtle (Lair:5)
  10 hornets
  9 dream sheep
  13 blink frogs
  2 spriggan zombies (D:15)
  A raiju (shapeshifter) (Vaults:4)
  20 slime creatures
  A human simulacrum (Vaults:3)
  Sigmund (D:5)
  3 air elementals
  A centaur simulacrum (D:14)
  2 shadows
  A vampire (D:11)
  7 wyverns
  30 yaks
  A hog (Elf:1)
  A wraith (D:12)
  A spriggan (shapeshifter) (Vaults:2)
  2 water elementals
  2 fire bats (Gauntlet)
  A fire elemental (Elf:2)
  2 steam dragons
  5 basilisks
  25 vampire mosquitoes
  2 chaos spawn
  Edmund (D:6)
  10 swamp worms
  3 large abominations (Depths:3)
  25 nagas
  7 wargs
  A death drake simulacrum (Swamp:4)
  A glowing shapeshifter zombie (Depths:1)
  An acid dragon (D:13)
  17 water moccasins
  32 orc warriors
  5 swamp drakes
  A floating eye (shapeshifter) (Elf:1)
  7 small abominations
  A black bear (D:4)
  A spriggan simulacrum (Swamp:4)
  A sky beast (D:7)
  6 ogres
  8 ice beasts
  6 boggarts
  6 wolves
  4 centaurs
  A phantom (D:5)
  7 kobold brigands
  2 earth elementals
  11 bullfrogs
  A scorpion (D:5)
  2 gnoll sergeants
  6 killer bees
  2 gnoll boudas
  2 hounds (D:6)
  34 orc priests
  7 jellies
  A sleepcap (D:7)
  Terence (D:3)
  Jessica (D:2)
  3 iguanas
  36 orc wizards
  15 gnolls
  4 adders
  2 ufetubi
  A worm (D:2)
  4 dart slugs (D:2)
  75 orcs
  3 endoplasms
  6 giant cockroaches
  10 goblins
  6 hobgoblins (D:2)
  5 jackals
  22 kobolds
  2 quokkas
  9 ball pythons
  7 bats
  A frilled lizard (D:2)
  5 rats
  2 bushes (Lair:4)
  A butterfly (Lair:4)
1225 creatures vanquished.

Vanquished Creatures (collateral kills)
  2 juggernauts (Depths:2)
  Vashnia (Snake:4)
  Saint Roka (Vaults:4)
  7 golden dragons
  Margery (Vaults:4)
  The ghost of Quan the Hoplite, an adept MiFi of Hepliaklqana (Depths:1)
  Jory (Vaults:4)
  3 doom hounds (Depths:3)
  Jorgrun (Elf:1)
  A tentacled monstrosity (Vaults:5)
  Grunn (Depths:3)
  A deep elf master archer (Elf:3)
  3 quicksilver dragons (Depths:4)
  The ghost of Akuuror the Warrior, an adept GrFi of Okawaru (Snake:3)
  A walking divine tome (Depths:2)
  An ancient champion (Depths:1)
  2 sphinxes
  An acid blob (Depths:4)
  A thorn hunter (Swamp:4)
  2 tengu reavers
  3 shadow dragons (Depths:4)
  3 nagarajas
  A draconian monk (Depths:4)
  A rockslime (Depths:4)
  3 storm dragons (Depths:4)
  10 vault wardens
  An iron dragon (Depths:1)
  8 fire giants
  A balrug (Depths:1)
  The ghost of swinepaste the Fencer, a journeyman DsMo of Wu Jian (Swamp:4)
  2 deep elf elementalists (Elf:3)
  8 ironbound preservers
  2 draconian annihilators (Depths:4)
  23 very ugly things
  4 ironbound thunderhulks
  3 war gargoyles
  8 stone giants
  3 green draconians (Depths:4)
  2 deep elf demonologists (Elf:3)
  A dire elephant (Vaults:2)
  2 eleionomae
  2 purple draconians (Depths:4)
  3 black draconians (Depths:4)
  2 deep elf annihilators
  2 white draconians (Depths:4)
  7 red draconians (Depths:4)
  2 spark wasps (Depths:2)
  The ghost of LLlMATKO the Fighter, a journeyman MiBe of Trog (D:13)
  The ghost of discopopstar the Severer, a journeyman MiFi of Okawaru (D:13)
  4 deep elf death magi
  The ghost of enotiy the Cleaver, a journeyman GrFi (D:13)
  4 ettins
  A crystal guardian (Vaults:4)
  A shambling mangrove (Swamp:4)
  2 deep elf high priests
  10 fire dragons
  4 great orbs of eyes
  A spectral fenstrider witch (Swamp:4)
  3 yaktaur captains
  A hell beast (Depths:1)
  2 ice dragons
  4 rakshasas
  4 peacekeepers
  3 salamander tyrants
  6 vault guards
  11 hydras
  3 centaur warriors (Vaults:4)
  6 alligators
  2 ironbound frosthearts
  8 anacondas
  19 dancing weapons
  2 death knights (Vaults:3)
  A boulder beetle (Vaults:1)
  3 deep troll earth magi
  A two-headed ogre (D:10)
  15 naga warriors
  5 deep troll shamans
  3 tengu warriors (Depths:2)
  5 naga sharpshooters
  7 hell knights
  A spriggan berserker (Depths:4)
  2 deep elf knights (Elf:2)
  2 spriggans
  A soul eater (Depths:2)
  A shadow wraith (Vaults:3)
  6 salamander mystics
  A sixfirhy (Depths:2)
  A skeletal warrior (D:11)
  3 iron trolls
  2 glowing orange brains
  2 goliath frogs
  A swamp dragon (shapeshifter) (Depths:2)
  3 bog bodies
  2 deep elf archers (Elf:3)
  A glowing orange brain (shapeshifter) (Vaults:1)
  5 lindwurms
  31 deep trolls
  4 swamp dragons
  6 naga ritualists
  A quicksilver dragon simulacrum (Depths:1)
  A steelbarb worm (shapeshifter) (Elf:3)
  2 wizards
  4 harpies (Vaults:3)
  4 ironbound convokers
  3 necromancers
  9 deep elf pyromancers
  20 deep elf zephyrmancers
  5 mana vipers
  2 nameless horrors
  A spectral spriggan (Swamp:4)
  12 salamanders
  21 ugly things
  14 black mambas
  4 guardian serpents (Snake:4)
  An orange demon (Depths:2)
  11 vault sentinels
  6 naga magi
  A freezing wraith (Vaults:4)
  A hellion (Depths:2)
  2 efreet (D:15)
  11 yaktaurs
  A human skeleton (Vaults:3)
  2 hornets
  A tyrant leech (Swamp:3)
  A dream sheep (shapeshifter) (D:13)
  A human simulacrum (Vaults:3)
  8 slime creatures
  10 water elementals
  A fire bat (shapeshifter) (Vaults:1)
  A ynoxinul (Depths:2)
  5 hogs (Elf:1)
  A neqoxec (Depths:2)
  A fire elemental (Elf:1)
  4 small abominations
  A chaos spawn (Depths:4)
  3 vampire mosquitoes
  8 swamp worms
  A large abomination (Depths:4)
  25 nagas
  A warg (Vaults:4)
  An entropy weaver zombie (Vaults:3)
  2 orc warriors (Vaults:4)
  2 swamp drakes (Swamp:4)
  2 spriggan simulacra (Swamp:4)
  A boggart (Vaults:1)
  A bullfrog (D:8)
  3 earth elementals
  A howler monkey (D:6)
  A hound (D:5)
  An iguana (D:5)
  An orc wizard (D:7)
  5 gnolls
  An adder (D:5)
  A river rat (shapeshifter) (Vaults:1)
  A shadow imp (D:7)
  3 white imps
  A worm (D:5)
  A dart slug (D:5)
  12 orcs
  An endoplasm (D:4)
  A hobgoblin (D:1)
  2 jackals (D:5)
617 creatures vanquished.

Vanquished Creatures (others)
  A deep elf knight (Elf:3)
  An iron troll (Depths:3)
  2 wizards (Vaults:4)
  2 deep elf zephyrmancers
  2 elephants (Lair:3)
  A rime drake (D:9)
  A komodo dragon (Lair:1)
  Grinder (D:6)
  An air elemental (Elf:3)
  A human (Elf:1)
  14 yaks
  A wraith (D:10)
  A steam dragon (D:8)
  3 vampire mosquitoes (D:10)
  An acid dragon (D:10)
  A water moccasin (D:7)
  An orc warrior (D:9)
  3 ice beasts (D:9)
  A sky beast (D:8)
  2 wolves (D:9)
  2 ogres (D:6)
  A centaur (D:8)
  A kobold brigand (D:8)
  A gnoll sergeant (D:8)
  A bullfrog (D:9)
  4 wights (D:8)
  5 killer bees
  2 howler monkeys (D:9)
  Crazy Yiuf (D:6)
  3 gnoll boudas
  A jelly (D:6)
  An orc priest (D:8)
  A sleepcap (D:7)
  An orc wizard (D:10)
  12 gnolls
  An orc (D:10)
  A kobold (D:10)
  43 fungi
  74 plants
  6 withered plants (D:15)
203 creatures vanquished.

Grand Total: 2045 creatures vanquished

Notes
Turn   | Place    | Note
-------+----------+-------------------------------------------
     0 | D:1      | fun123 the Demigod Necromancer began the quest for the Orb.
     0 | D:1      | Reached XP level 1. HP: 14/14 MP: 5/5
   302 | D:1      | Reached XP level 2. HP: 22/22 MP: 1/7
   416 | D:1      | Reached skill level 1 in Fighting
  1483 | D:2      | Reached XP level 3. HP: 29/29 MP: 5/8
  1487 | D:2      | Learned a level 3 spell: Vampiric Draining
  1547 | D:2      | Noticed Jessica
  1554 | D:2      | Killed Jessica
  1555 | D:2      | Reached skill level 2 in Fighting
  1802 | D:2      | Found Uwyffad's Armour Boutique.
  1808 | D:2      | Bought a +0 pair of boots for 49 gold pieces
  1887 | D:2      | Reached skill level 3 in Fighting
  1887 | D:2      | Reached XP level 4. HP: 38/38 MP: 2/9
  2309 | D:2      | Found Ximerr's Magic Scroll Shoppe.
  2326 | D:2      | Bought a scroll of identify for 24 gold pieces
  2326 | D:2      | Bought a scroll of teleportation for 36 gold pieces
  2630 | D:2      | Found Zofuh's Armour Emporium.
  2873 | D:3      | Learned a level 3 spell: Call Canine Familiar
  2910 | D:3      | Identified the +3 leather armour of the Enchanted Forest
                  | {Will+ Slay-3 SInv}
  3315 | D:3      | Reached skill level 1 in Summonings
  3315 | D:3      | Reached XP level 5. HP: 37/46 MP: 2/10
  3574 | D:3      | Noticed Terence
  3581 | D:3      | Killed Terence
  3854 | D:4      | Noticed a black bear
  3875 | D:4      | Killed a black bear
  3876 | D:4      | Reached XP level 6. HP: 52/52 MP: 3/11
  4161 | D:4      | Identified the +4 ring mail "Dyfaow" {rPois Int+3}
  4742 | D:5      | Entered Level 5 of the Dungeon
  4750 | D:5      | Reached skill level 1 in Armour
  4943 | D:5      | Noticed Sigmund
  4968 | D:5      | Killed Sigmund
  5100 | D:5      | Reached XP level 7. HP: 58/58 MP: 11/14
  5104 | D:5      | Learned a level 3 spell: Summon Guardian Golem
  5388 | D:5      | Reached skill level 1 in Hexes
  5966 | D:6      | Noticed Grinder
  6012 | D:6      | Killed Grinder
  6013 | D:6      | Reached skill level 4 in Fighting
  6185 | D:6      | Reached XP level 8. HP: 67/67 MP: 8/15
  6308 | D:6      | Noticed Prince Ribbit
  6314 | D:6      | Killed Prince Ribbit
  6371 | D:6      | Reached skill level 5 in Fighting
  6371 | D:6      | Reached skill level 5 in Necromancy
  6817 | D:6      | Noticed Edmund
  6834 | D:6      | Killed Edmund
  7082 | D:6      | Found a runed translucent door.
  7083 | D:6      | Noticed Crazy Yiuf
  7099 | D:6      | Killed Crazy Yiuf
  7377 | D:6      | Learned a level 2 spell: Blink
  7418 | D:7      | Reached skill level 1 in Translocations
  7854 | D:7      | Found a staircase to the Ecumenical Temple.
  8129 | D:7      | Reached skill level 6 in Fighting
  8129 | D:7      | Reached XP level 9. HP: 75/75 MP: 17/17
  9193 | D:2      | Bought a scroll of enchant weapon for 90 gold pieces
  9193 | D:2      | Bought a scroll of amnesia for 48 gold pieces
  9916 | D:8      | Reached skill level 1 in Shields
 10096 | D:8      | Reached skill level 5 in Spellcasting
 10203 | D:8      | Reached skill level 7 in Fighting
 10557 | D:9      | Reached XP level 10. HP: 86/86 MP: 15/21
 10790 | D:9      | Found a staircase to the Lair.
 10917 | D:9      | Reached skill level 8 in Fighting
 11210 | D:9      | Found Awnozust's General Store.
 11504 | D:9      | Bought a wand of flame (2) for 21 gold pieces
 12100 | D:10     | Entered Level 10 of the Dungeon
 12107 | D:10     | Learned a level 5 spell: Agony
 12120 | D:10     | Noticed a two-headed ogre
 12128 | D:10     | Killed a two-headed ogre
 12359 | D:10     | Reached skill level 9 in Fighting
 12752 | D:9      | Reached XP level 11. HP: 97/97 MP: 13/22
 13607 | D:10     | Reached skill level 10 in Fighting
 13751 | D:10     | Reached skill level 10 in Necromancy
 13950 | D:10     | Noticed a deep elf knight
 13954 | D:10     | Killed a deep elf knight
 14405 | D:10     | Noticed a skeletal warrior
 14453 | D:10     | Noticed a rakshasa
 14490 | Lair:1   | Entered Level 1 of the Lair of Beasts
 14534 | Lair:2   | Noticed an eight-headed hydra
 14687 | Lair:1   | Learned a level 3 spell: Gell's Gravitas
 15138 | Lair:1   | Noticed Nergalle
 15144 | Lair:1   | Killed Nergalle
 15433 | Lair:1   | Reached skill level 1 in Conjurations
 15433 | Lair:1   | Reached skill level 1 in Fire Magic
 16214 | Lair:1   | Reached skill level 5 in Translocations
 16449 | Lair:2   | Found a runed translucent gate.
 16449 | Lair:2   | Found a runed translucent gate.
 16449 | Lair:2   | Noticed Termiter's ghost (journeyman DsNe)
 16450 | Lair:2   | Found a runed translucent gate.
 16905 | Lair:2   | Killed an eight-headed hydra
 16906 | Lair:2   | Reached XP level 12. HP: 69/106 MP: 24/26
 16912 | Lair:2   | Learned a level 5 spell: Fireball
 16916 | Lair:2   | Learned a level 2 spell: Momentum Strike
 16923 | Lair:2   | Learned a level 5 spell: Iskenderun's Battlesphere
 18207 | Lair:3   | Reached skill level 5 in Conjurations
 18207 | Lair:3   | Reached skill level 5 in Fire Magic
 18380 | Lair:3   | Found a staircase to the Snake Pit.
 18569 | Lair:3   | Noticed a five-headed hydra
 18576 | Lair:3   | Killed a five-headed hydra
 18622 | Lair:3   | Noticed an eight-headed hydra
 18736 | Lair:3   | Found a staircase to the Swamp.
 19045 | Lair:1   | Killed Termiter's ghost
 19164 | D:11     | Found Nyawkuqa's Jewellery Shoppe.
 19164 | D:11     | Found a gate leading to a gauntlet.
 19260 | Gauntlet | Entered a Gauntlet
 19260 | Gauntlet | Found a runed translucent gate.
 19260 | Gauntlet | Found a transporter.
 19260 | Gauntlet | Found a transporter.
 19260 | Gauntlet | Found a transporter.
 19262 | Gauntlet | Found a runed translucent gate.
 19263 | Gauntlet | Found a runed translucent gate.
 19271 | Gauntlet | Found a transporter.
 19274 | Gauntlet | Found a transporter.
 19284 | Gauntlet | Found a transporter.
 19285 | Gauntlet | Found a transporter.
 19296 | Gauntlet | Found a transporter.
 19302 | Gauntlet | Found a runed translucent door.
 19311 | Gauntlet | Found a transporter.
 19324 | Gauntlet | Noticed a reaper
 19328 | Gauntlet | Found a transporter.
 19331 | Gauntlet | Found a transporter.
 19343 | Gauntlet | Found a transporter.
 19575 | Gauntlet | Identified the ring "Uquhaeq" {rPois rF- Int+2 Dex+6}
 19944 | Gauntlet | Identified the ring "Guneg" {*Corrode rN+ EV+5 Slay+3
                  | Stlth+}
 19948 | Gauntlet | Identified the amulet "Aneppaw" {Acrobat rElec Int+4}
 20031 | Gauntlet | Identified the +7 great sword "Ofesyler" {holy, rElec rCorr
                  | Stlth+}
 20031 | Gauntlet | Noticed a minotaur
 20042 | Gauntlet | Killed a minotaur
 20723 | D:11     | Reached XP level 13. HP: 83/113 MP: 1/27
 23624 | Lair:4   | Found a staircase to the Slime Pits.
 24376 | Lair:5   | Entered Level 5 of the Lair of Beasts
 25109 | Lair:5   | Reached skill level 10 in Conjurations
 25110 | Lair:5   | Reached skill level 10 in Fire Magic
 25534 | Lair:5   | Noticed Nessos
 25846 | Lair:5   | Killed Nessos
 26668 | Lair:5   | Reached XP level 14. HP: 121/121 MP: 24/30
 26765 | Lair:5   | Learned a level 4 spell: Dispel Undead
 26812 | Lair:5   | Reached skill level 5 in Dodging
 28118 | D:12     | Noticed Snorg
 28123 | D:12     | Killed Snorg
 28124 | D:12     | Reached skill level 5 in Armour
 28986 | D:12     | Found a staircase to the Orcish Mines.
 29655 | Orc:1    | Entered Level 1 of the Orcish Mines
 31171 | Orc:2    | Entered Level 2 of the Orcish Mines
 31180 | Orc:2    | Reached skill level 5 in Summonings
 31984 | Orc:2    | Found Gesymoob's Antique Armour Boutique.
 33416 | Orc:2    | Found Idomed's Antique Weapon Boutique.
 33420 | Orc:2    | Found Lamuth's Antique Weapon Boutique.
 33421 | Orc:2    | Found Muqeil's Jewellery Shop.
 33425 | Orc:2    | Found Iceusoo's General Store.
 33431 | Orc:2    | Bought a potion of attraction for 42 gold pieces
 33431 | Orc:2    | Bought a potion of curing for 42 gold pieces
 33431 | Orc:2    | Bought a scroll of identify for 28 gold pieces
 33701 | Orc:2    | Found a staircase to the Elven Halls.
 34021 | D:2      | Bought a scroll of teleportation for 36 gold pieces
 34021 | D:2      | Bought a scroll of silence for 114 gold pieces
 34021 | D:2      | Bought a scroll of teleportation for 36 gold pieces
 34021 | D:2      | Bought a scroll of immolation for 48 gold pieces
 34220 | D:9      | Bought a potion of lignification for 45 gold pieces
 34220 | D:9      | Bought a potion of invisibility for 120 gold pieces
 34220 | D:9      | Bought a scroll of enchant armour for 112 gold pieces
 34220 | D:9      | Bought a scroll of enchant armour for 112 gold pieces
 34428 | D:2      | Bought a +0 helmet of see invisible for 126 gold pieces
 34456 | D:2      | Learned a level 7 spell: Spellforged Servitor
 34888 | D:13     | Noticed Sonja
 34891 | D:13     | Killed Sonja
 35262 | D:13     | Found a gate to the Vaults.
 35799 | D:13     | Found a runed translucent gate.
 35800 | D:13     | Found a runed translucent gate.
 35801 | D:13     | Found a runed translucent gate.
 35802 | D:13     | Noticed diceflayer's ghost (journeyman MiFi)
 35802 | D:13     | Noticed LLlMATKO's ghost (journeyman MiBe)
 35802 | D:13     | Noticed Subbak's ghost (journeyman DEHs)
 35802 | D:13     | Noticed enotiy's ghost (journeyman GrFi)
 35803 | D:13     | Noticed discopopstar's ghost (journeyman MiFi)
 36270 | D:13     | Killed Subbak's ghost
 36274 | D:13     | Killed discopopstar's ghost
 36274 | D:13     | Killed enotiy's ghost
 36277 | D:13     | Killed LLlMATKO's ghost
 36278 | D:13     | Killed diceflayer's ghost
 36529 | D:13     | Identified the staff of poison "Onnocki" {rElec rPois
                  | Str+5}
 36539 | D:13     | Got the Enchiridion on Fever
 36540 | D:13     | Identified the ring "Eqetyunk" {Fire rElec rCorr Str+3
                  | Slay+3}
 36544 | D:13     | Identified the ring of the Original Sin {+Blink rPois Will+
                  | Int+6}
 36735 | D:14     | Reached XP level 15. HP: 126/126 MP: 12/32
 37519 | D:14     | Identified a scroll of acquirement
 37520 | D:14     | Acquired 681 gold pieces
 37697 | D:15     | Entered Level 15 of the Dungeon
 37818 | D:15     | Reached skill level 10 in Summonings
 38165 | D:15     | Found a portal to a secret trove of treasure.
 38173 | D:15     | You paid a toll of 6 scrolls of fear to enter a treasure
                  | trove
 38174 | Trove    | Entered a treasure trove
 38176 | Trove    | Found the +2 hat of the Bear Spirit {Spirit, Bear, *Rage
                  | Will++}
 38177 | Trove    | Found the +18 Lear's hauberk
 38198 | Trove    | Identified the -1 kite shield "Ket Fiv" {Harm Int+2 Dex+8}
 38202 | Trove    | Identified the +0 crystal plate armour of Voplurr {Will+
                  | Int+2}
 38209 | Trove    | Identified the +1 chain mail of Day {Harm Str+6 Int-4
                  | Stlth+}
 38211 | Trove    | Identified the +4 chain mail "Difiepat" {rCorr Int+3}
 38212 | Trove    | Identified the +0 chain mail of Shadows and Fog {rN++ Will+
                  | rCorr Str-2}
 38215 | Trove    | Identified the +2 helmet of the Bulwark {rElec Str+3}
 38354 | D:15     | Found a staircase to the Depths.
 39425 | Swamp:1  | Entered Level 1 of the Swamp
 39431 | Swamp:1  | Reached skill level 1 in Earth Magic
 43145 | Swamp:3  | Noticed a fenstrider witch
 43257 | Swamp:3  | Noticed Donald
 43396 | Swamp:3  | Killed a fenstrider witch
 43545 | Swamp:3  | Killed Donald
 44326 | Swamp:4  | Entered Level 4 of the Swamp
 44508 | Swamp:3  | Reached XP level 16. HP: 89/136 MP: 13/33
 46754 | Swamp:4  | Found a runed translucent gate.
 46754 | Swamp:4  | Found a runed translucent gate.
 46754 | Swamp:4  | Found a runed translucent gate.
 46755 | Swamp:4  | Found the brooch of Shielding {Spirit SH+8}
 46755 | Swamp:4  | Noticed swinepaste's ghost (journeyman DsMo)
 46955 | Swamp:4  | Got a decaying rune of Zot
 47495 | Swamp:4  | Killed swinepaste's ghost
 47724 | Snake:1  | Entered Level 1 of the Snake Pit
 48689 | Snake:1  | Found Yleut's Distillery.
 48692 | Snake:1  | Bought a potion of haste for 110 gold pieces
 48692 | Snake:1  | Bought a potion of curing for 33 gold pieces
 48692 | Snake:1  | Bought a potion of curing for 33 gold pieces
 48692 | Snake:1  | Bought a potion of heal wounds for 55 gold pieces
 49562 | Snake:2  | Found a runed translucent door.
 49562 | Snake:2  | Noticed discopopstar's ghost (adept MiFi)
 50303 | Snake:2  | Found Utaofu's Self-Improvement Boutique.
 51246 | Snake:3  | Reached XP level 17. HP: 129/143 MP: 18/35
 51904 | Snake:2  | Learned a level 6 spell: Iron Shot
 53703 | Snake:3  | Found a runed translucent gate.
 53703 | Snake:3  | Found a runed translucent gate.
 53703 | Snake:3  | Found a runed translucent gate.
 54032 | Snake:3  | Noticed Akuuror's ghost (adept GrFi)
 54050 | Snake:3  | Killed Akuuror's ghost
 54240 | Snake:4  | Entered Level 4 of the Snake Pit
 54617 | Snake:4  | Reached skill level 15 in Summonings
 54619 | Snake:4  | Reached skill level 15 in Conjurations
 54804 | Snake:4  | Reached skill level 5 in Earth Magic
 55324 | Snake:4  | Reached skill level 1 in Polearms
 55948 | Snake:4  | Noticed Vashnia
 55956 | Snake:4  | Killed Vashnia
 56366 | Snake:4  | Reached skill level 5 in Polearms
 57410 | Snake:4  | Reached skill level 11 in Fighting
 57463 | Snake:4  | Got a serpentine rune of Zot
 57817 | Orc:2    | Bought the amulet "Ismos" {Acrobat Will+} for 426 gold
                  | pieces
 57856 | Elf:1    | Entered Level 1 of the Elven Halls
 58342 | Elf:1    | Noticed Frances
 58493 | Orc:2    | Killed Frances
 58864 | Elf:1    | Reached XP level 18. HP: 151/151 MP: 17/36
 58975 | Elf:1    | Paralysed by an air elemental for 1 turns
 59101 | Elf:1    | Noticed Kirke
 59101 | Elf:1    | Noticed Louise
 59116 | Elf:1    | Killed Louise
 59122 | Elf:1    | Killed Kirke
 59314 | Elf:1    | Found a runed translucent gate.
 59315 | Elf:1    | Found a runed translucent gate.
 59316 | Elf:1    | Found a runed translucent gate.
 59414 | Elf:1    | Noticed Hirapp's ghost (adept MiMo)
 59574 | Elf:1    | Noticed Jorgrun
 59580 | Elf:1    | Killed Jorgrun
 60570 | Elf:3    | Entered Level 3 of the Elven Halls
 60628 | Elf:2    | Identified the +3 scale mail of Insatiable Hunger {rPois
                  | rF+ rC+ Int+3}
 60928 | Elf:2    | Found Gaurenukh's Antique Weapon Boutique.
 60958 | Elf:2    | Bought a dazzling sling for 260 gold pieces
 60958 | Elf:2    | Identified the +4 sling of the Insatiable Knives {flame,
                  | rC+} (You bought it in a shop on level 2 of the Elven
                  | Halls)
 61114 | Elf:2    | Found Ahiuduh's Armour Shoppe.
 61265 | Elf:2    | Found a huge runed translucent gate.
 61265 | Elf:2    | Found a huge runed translucent gate.
 61265 | Elf:2    | Found a huge runed translucent gate.
 61265 | Elf:2    | Found a huge runed translucent gate.
 61265 | Elf:2    | Found a huge runed translucent gate.
 62862 | Elf:3    | Reached skill level 10 in Spellcasting
 63134 | Elf:3    | Reached skill level 12 in Fighting
 63894 | Elf:3    | Identified the +1 battleaxe of Exchange {protect, Int+3
                  | Dex+3}
 64331 | Elf:3    | Identified the +4 flail of Perfectionism {heavy, rC+}
 64332 | Elf:3    | Reached XP level 19. HP: 139/160 MP: 19/38
 65055 | Elf:3    | Identified the +2 broad axe of Feaxi {heavy, rElec Int+6}
 65103 | Elf:3    | Identified the staff of fire "Nouhorue" {rF+ Str+2 Int-4
                  | Stlth+}
 65112 | Elf:3    | Got the Writings on Trauma
 65119 | Elf:3    | Got The Lost Wisdom of the Archmage
 65120 | Elf:3    | Identified the staff of poison "Qauttul" {rElec rPois Will+
                  | Stlth+}
 65122 | Elf:3    | Identified the staff of fire "Makeiwno" {rF+ rC+ Will-
                  | Dex+3}
 65405 | Vaults:1 | Entered Level 1 of the Vaults
 65460 | Vaults:1 | Found a runed translucent gate.
 65460 | Vaults:1 | Found a runed translucent gate.
 65460 | Vaults:1 | Found a runed translucent gate.
 65460 | Vaults:1 | Noticed casual's ghost (veteran MiMo)
 65510 | Vaults:1 | Noticed Zenata
 65710 | Vaults:1 | Killed Zenata
 67015 | Vaults:1 | Learned a level 7 spell: Orb of Destruction
 68398 | Vaults:2 | Reached skill level 13 in Fighting
 70540 | Vaults:3 | Reached skill level 10 in Dodging
 70541 | Vaults:3 | Reached skill level 10 in Armour
 70780 | Vaults:3 | Reached XP level 20. HP: 164/172 MP: 30/41
 70942 | Vaults:3 | Learned a level 7 spell: Summon Hydra
 71035 | Vaults:3 | Found a staircase to the Crypt.
 71428 | Vaults:3 | Found Juhid's Magic Scroll Boutique.
 71480 | Vaults:3 | Bought a scroll of enchant weapon for 90 gold pieces
 71480 | Vaults:3 | Bought a scroll of teleportation for 36 gold pieces
 71480 | Vaults:3 | Bought a scroll of vulnerability for 48 gold pieces
 71480 | Vaults:3 | Bought a scroll of magic mapping for 90 gold pieces
 71480 | Vaults:3 | Bought a scroll of teleportation for 36 gold pieces
 71480 | Vaults:3 | Bought a scroll of teleportation for 36 gold pieces
 71572 | Vaults:3 | Noticed Frederick
 71572 | Vaults:3 | Noticed Rupert
 72149 | Vaults:3 | Noticed Agnes
 72158 | Vaults:3 | Killed Rupert
 72164 | Vaults:3 | Killed Agnes
 72310 | Vaults:3 | Killed Frederick
 73418 | Vaults:4 | Reached skill level 5 in Shields
 73916 | Vaults:4 | Noticed Margery
 73925 | Vaults:4 | Killed Margery
 73958 | Vaults:4 | Learned a level 1 spell: Apportation
 74149 | Vaults:4 | Identified the +5 shortbow "Xoirr" {drain, +Blink Int+3}
 74837 | Vaults:4 | Found Tathri's Assorted Antiques.
 74837 | Vaults:4 | Noticed Jory
 74852 | Vaults:4 | Killed Jory
 74956 | Vaults:4 | Bought a potion of resistance for 390 gold pieces
 74956 | Vaults:4 | Bought a condenser vane for 1560 gold pieces
 75064 | Vaults:4 | Noticed Saint Roka
 75076 | Vaults:4 | Killed Saint Roka
 75769 | Depths:1 | Entered Level 1 of the Depths
 75930 | D:15     | Reached skill level 10 in Shields
 76266 | Depths:1 | Reached skill level 14 in Fighting
 77273 | Depths:1 | Found a gateway to Hell.
 77430 | Depths:1 | Reached XP level 21. HP: 182/182 MP: 29/43
 77490 | Depths:1 | Found a runed translucent gate.
 77490 | Depths:1 | Found a runed translucent gate.
 77490 | Depths:1 | Found a runed translucent gate.
 77490 | Depths:1 | Noticed Quan's ghost (adept MiFi)
 77830 | Depths:1 | Killed Quan's ghost
 78392 | Depths:2 | You fall into a shaft and drop 2 floors!
 78392 | Depths:4 | Entered Level 4 of the Depths
 78395 | Depths:4 | Found a runed translucent gate.
 78395 | Depths:4 | Found a runed translucent gate.
 78395 | Depths:4 | Found a runed translucent gate.
 78398 | Depths:4 | Noticed Gukoas's ghost (adept TrMo)
 79176 | Depths:2 | Reached skill level 15 in Fighting
 80131 | Depths:2 | Found a one-way gate leading to the halls of Pandemonium.
 80225 | Depths:2 | Noticed a golden dragon
 80328 | Depths:2 | Noticed a juggernaut
 80340 | Depths:2 | Killed a juggernaut
 80355 | Depths:2 | Noticed a golden dragon
 80365 | Depths:2 | Killed a golden dragon
 80372 | Depths:2 | Noticed a juggernaut
 80389 | Depths:2 | Killed a juggernaut
 80406 | Depths:2 | Killed a golden dragon
 80900 | Depths:2 | Identified the +7 falchion of Eye-covered Subterfuge
                  | {drain, rPois Str+2 Int+3}
 81298 | Depths:2 | Identified the amulet of Recklessness {Faith Harm Fly rF++
                  | Str-4}
 81474 | Depths:2 | Identified the +7 hand axe of Outrage {venom, Int+4}
 81479 | Depths:2 | Identified the staff of cold "Kielia" {rElec rC+ Will++}
 81697 | Depths:3 | Found a one-way gate to the infinite horrors of the Abyss.
 81710 | Depths:2 | Reached skill level 16 in Fighting
 82783 | Depths:3 | Noticed Grunn
 82796 | Depths:3 | Killed Grunn
 82948 | Depths:3 | Noticed Boris
 82962 | Depths:3 | Killed Boris
 85203 | Depths:3 | Reached skill level 17 in Fighting
 86467 | Depths:3 | Identified the +9 battleaxe of a Gauntlet {venom, rPois
                  | Str+4}
 86588 | Depths:3 | Reached XP level 22. HP: 200/200 MP: 13/46
 87248 | Depths:3 | Reached skill level 18 in Fighting
 88986 | Depths:4 | Found a one-way gateway to a ziggurat.
 89318 | Depths:4 | Reached skill level 19 in Fighting
 89767 | Depths:4 | Identified the +6 hand axe of the Inferno {drain, rPois
                  | rCorr Str+9 Dex-2}
 89958 | Depths:4 | Found a gate to the Realm of Zot.
 90748 | Depths:4 | Reached skill level 20 in Fighting
 90930 | Depths:4 | Killed Gukoas's ghost
 91084 | Depths:4 | Acquired 909 gold pieces
 91089 | Depths:4 | Identified the +0 leather armour "Ywyukh" {Rampage *Corrode
                  | rC+ Str+4 Dex+2}
 91418 | Vaults:5 | Entered Level 5 of the Vaults
 91418 | Vaults:5 | Noticed an ancient lich
 92044 | Vaults:4 | Reached skill level 21 in Fighting
 92941 | Vaults:5 | Mangled by a war gargoyle

Illustrated notes

Levels and vault maps discovered:
D:1:      dpeg_arrival_chambers_temple_mockup, layout_basic,
          minmay_misc_feat_pillars
D:2:      layout_loops_ring, serial_shops, nicolae_shop_rolling_square,
          nicolae_shop_statue_plus, shop, guppyfry_early_orc_mine, uniq_jessica
D:3:      layout_rooms, hangedman_decor_clover_reticule, uniq_terence
D:4:      layout_loops_corners, hangedman_decor_diamond_cutter
D:5:      layout_basic, nicolae_overflow_hallway_of_the_gods,
          chequers_serial_rivers_micro_b, uniq_sigmund
D:6:      layout_loops_ring, ashenzari_altar_1, uniq_crazy_yiuf_cottage,
          uniq_edmund, uniq_grinder, uniq_prince_ribbit1
D:7:      layout_rooms, minmay_temple_entry_gardened_gates
D:8:      minmay_razor_zed, layout_loops_ring
D:9:      layout_loops_corners, hellmonk_lair_entry_icy, serial_shops,
          nicolae_shop_just_a_little_nook
D:10:     nzn_winding_woodlands_medium [nzn_winding_woodlands_5x5_default,
          nzn_winding_woodlands_5x15_cabin, nzn_winding_woodlands_5x5_cross,
          nzn_winding_woodlands_5x5_closed_star,
          nzn_winding_woodlands_center_lodge, nzn_winding_woodlands_5x5_three,
          nzn_winding_woodlands_5x5_checkerboard,
          nzn_winding_woodlands_5x15_concentric,
          nzn_winding_woodlands_hourglass], layout_small_grid, special_room
          [special_room_orc]
D:11:     nicolae_cairo_tiling_very_big, layout_basic, serial_shops, shop,
          gauntlet_entry_generic, serial_glass, glass_columns_b,
          glass_columns_b, glass_columns_a, glass_columns_b, bloody_trog
D:12:     layout_irregular_city, david_orc_2, uniq_snorg
D:13:     lemuel_ice_spiral_1, layout_long_grid, gammafunk_ghost_cemetery,
          grunt_decor_arrowhead, hive_lemuel, uniq_sonja
D:14:     layout_gridville, serial_park_paths [serial_park_minivault_5x5_8]
D:15:     gammafunk_depths_entry_grave, layout_basic, hangedman_ru_absence,
          nicolae_trove_entry_crossroad
Lair:1:   layout_roguey, chequers_serial_rivers_large_b,
          chequers_serial_rivers_micro_d, uniq_nergalle
Lair:2:   layout_loops_ring, gammafunk_ghost_split,
          nicolae_volcano_entry_lava_flow, grunt_megastairs_3,
          serial_bayou_shore_b, serial_bayou_shore_a
Lair:3:   layout_small_grid, skrybe_swamp_entry_bodies,
          nicolae_snake_entry_squirm
Lair:4:   layout_long_grid, nicolae_slime_entry_field_trip, grunt_megastairs_1,
          lemuel_fruit_fields
Lair:5:   gammafunk_lair_ancient_temple, layout_layer_cave, lemuel_fruit_tree,
          uniq_nessos
Swamp:1:  layout_basic_swamp, serial_swamp_ruin, evilmike_swamp_ruin_house_1,
          evilmike_swamp_ruin_rubble_2
Swamp:2:  layout_falls_marsh, nicolae_swamp_big_swirl
Swamp:3:  layout_basic_swamp, evilmike_swamp_ruin_house_4, uniq_donald
Swamp:4:  swamp_alternative, layout_basic_swamp, gammafunk_ghost_necromancy,
          swamp_pool5
Snake:1:  layout_layer_cave, serial_shops, nicolae_shop_tiny_real_fake_doors,
          special_room
Snake:2:  layout_misc_corridors, gammafunk_ghost_grave, nicolae_shop_self_help
Snake:3:  layout_chambers, ebering_ghost_rock_garden, grunt_megastairs_4
Snake:4:  johnstein_snake_rune_scales, layout_layer_cave
Orc:1:    layout_caves, basic_altar, mines1_david
Orc:2:    st_orc_mages, layout_caves, serial_shops, shop, nooodl_orcs_dogs
Elf:1:    eino_elf_arrival_sip, layout_gridlike, ebering_ghost_gozag,
          hangedman_elf_disciples, nicolae_elf_vaults_five_recruitment_drive,
          uniq_frances, uniq_kirke, uniq_jorgrun, uniq_louise
Elf:2:    elven_hall_of_blades_hangedman_alternative
          [nicolae_blade_entry_hurt_lockers], layout_geoelf_octagon,
          serial_shops, shop_fountains,
          nicolae_shop_temple_entry_statues_fountains
Elf:3:    elf_hall, layout_geoelf_octagon
Vaults:1: gammafunk_ghost_tricky_traps, v_misc_16, nicolae_vaults_sightless_eye,
          nicolae_vaults_loss_of_containment, nicolae_vaults_diagonal_hallway_7,
          grunt_vaults_focal, layout_vaults_quadrants, uniq_zenata
Vaults:2: hangedman_vaults_cutoff, nicolae_vaults_six-pack,
          nicolae_vaults_apartment_2, vaults_room_grid, vaults_dpeg_ring,
          nicolae_vaults_offset_grid_hallway_1, ontoclasm_vaults_chip,
          nicolae_vaults_tetromino_T_1, layout_vaults_big_room
Vaults:3: blue_anna_dwarven_crypt, v_misc_13, v_pattern_3, hangedman_vaults_hat,
          hangedman_vaults_unwind, hangedman_vaults_variations,
          ontoclasm_vaults_gateway, nicolae_vaults_turnstiles,
          vaults_room_semicircle, v_misc_17, hangedman_vaults_stagger,
          v_misc_15, sword_in_stone, layout_vaults_omnibox, serial_shops, shop
Vaults:4: v_rooms_4, nicolae_vaults_swerve, v_misc_8,
          ontoclasm_vaults_decontamination, v_misc_14, vaults_room_large_hall,
          v_misc_3, vaults_room_fancy_cross, v_misc_22,
          nicolae_vaults_network_star, v_misc_25, hangedman_vaults_locks,
          ontoclasm_vaults_misaligned, nicolae_vaults_tetromino_L_1,
          nicolae_vaults_house_3, layout_vaults_maze_bifur, serial_shops,
          nicolae_shop_tiny_waterfront, uniq_jory, uniq_saint_roka, uniq_margery
Vaults:5: uniq_xtahua
Depths:1: layout_cross, okawaru_ov_weapons_minmay, grunt_mini_vestibule,
          nicolae_yredelemnul_ghost_church, grunt_megastairs_2, firewood_loft
Depths:2: little_maze_vault, layout_gridlike, pf_coc_iceberg,
          hangedman_abyss_or_decor_jellyfish_corner, grunt_pan_entry_zigzag,
          nicolae_burly_brawl, kennysheep_random_hallway,
          infiniplex_staircase_squiggle
Depths:3: evilmike_halls_of_destruction, layout_cave_pools,
          hangedman_decor_points, abyss_entry, hell_entry,
          minmay_staircase_bubble, uniq_boris, uniq_grunn
Depths:4: lemuel_castle_with_subvaults [lemuel_castle_interior_carwin_2],
          layout_cave_pools, enter_ziggurat_f, minmay_misc_feat_diagonals,
          hell_entry, gammafunk_ghost_ooze, minmay_room_of_horrors

Skill      XL: |  1  2  3  4  5  6  7  8  9 10 11 12 13 14 15 16 17 18 19 20 21 22 |
---------------+-------------------------------------------------------------------+-----
Spellcasting   | 2 3 5 7 8 9 10 11 12 14 | 14.6
Fighting       | 1 3 4 6 7 9 10 11 12 13 14 17 21 | 21.0
Necromancy     | 4 5 7 9 10 | 10.0
Summonings     | 1 3 4 9 11 14 15 | 15.0
Armour         | 3 6 8 10 | 10.5
Hexes          | 4 |  4.0
Translocations | 3 5 |  5.0
Shields        | 3 4 10 | 10.0
Conjurations   | 3 7 10 11 14 15 | 15.0
Fire Magic     | 3 7 10 | 10.0
Dodging        | 4 6 8 10 | 10.5
Earth Magic    | 2 6 8 9 |  9.0
Polearms       | 6 7 |  7.9
Stealth        | |  1.7

Action                     |  1- 3 |  4- 6 |  7- 9 | 10-12 | 13-15 | 16-18 | 19-21 | 22-24 || total
---------------------------+-------+-------+-------+-------+-------+-------+-------+-------++-------
  Melee: Unarmed           |     1 |       |       |       |       |       |       |       ||     1
         Spear             |    19 |       |       |       |       |       |       |       ||    19
         Glaive            |       |    74 |       |       |       |       |       |       ||    74
         Staff             |       |    18 |   194 |   153 |   118 |       |       |       ||   483
         Punch             |       |       |     5 |       |       |       |       |       ||     5
         Demon trident     |       |       |       |       |    36 |   553 |     8 |       ||   597
         Broad axe         |       |       |       |       |       |       |   183 |    21 ||   204
  Throw: Dart              |       |     4 |     3 |    11 |       |       |     3 |       ||    21
   Cast: Necrotise         |    60 |    30 |       |    59 |     4 |       |       |       ||   153
         Vampiric Draining |     5 |    23 |    69 |   209 |    15 |       |       |       ||   321
         Call Canine Famil |       |     7 |    33 |    19 |     4 |     5 |     5 |       ||    73
         Summon Guardian G |       |       |    37 |    48 |     1 |     1 |       |       ||    87
         Blink             |       |       |     1 |     3 |     5 |     5 |    28 |    15 ||    57
         Agony             |       |       |       |     3 |       |       |       |       ||     3
         Fireball          |       |       |       |    63 |   582 |   228 |   145 |    53 ||  1071
         Iskenderun's Batt |       |       |       |     9 |    28 |     3 |     2 |       ||    42
         Momentum Strike   |       |       |       |     8 |     8 |       |       |       ||    16
         Spellforged Servi |       |       |       |       |    19 |   142 |   168 |    42 ||   371
         Iron Shot         |       |       |       |       |       |    38 |   124 |   113 ||   275
         Orb of Destructio |       |       |       |       |       |       |     5 |       ||     5
         Summon Hydra      |       |       |       |       |       |       |   121 |    36 ||   157
  Evoke: Wand              |       |       |       |     6 |     5 |     2 |     1 |       ||    14
         Lightning rod     |       |       |       |    10 |     8 |     5 |       |       ||    23
         Phantom mirror    |       |       |       |     1 |     1 |       |       |     1 ||     3
         Condenser vane    |       |       |       |       |       |       |     1 |       ||     1
    Use: Scroll            |       |     4 |     3 |     5 |    22 |    16 |    12 |     7 ||    69
         Potion            |       |       |       |       |       |     2 |       |     3 ||     5
   Stab: Sleeping          |     1 |     3 |       |       |       |     4 |       |       ||     8
         Distracted        |       |     1 |     1 |       |       |     8 |    18 |     1 ||    29
 Armour: Robe              |     5 |    37 |       |       |       |       |       |       ||    42
         Ring mail         |       |    11 |   231 |   277 |   222 |   222 |       |       ||   963
         Troll leather arm |       |       |       |       |       |    37 |   180 |    52 ||   269
  Dodge: Dodged            |    11 |    92 |   203 |   249 |   387 |   566 |   648 |   171 ||  2327
         Repelled          |       |       |       |       |       |    33 |    24 |    12 ||    69
  Block: Buckler           |       |       |    24 |   125 |   121 |   154 |   100 |       ||   524
         Kite shield       |       |       |       |       |       |       |   271 |   153 ||   424
